 Dungeon Sprint DCSS version 0.03.2.1-72-g33da5a4ea5 (webtiles) character file.

Game seed: 7114461689874643056, levelgen mode: deterministic

3647 esc the Spry (level 9, 0/6 HPs) Fairy Earth Elementalist. Began on Feb 13, 2021. Was a High Priest of Vehumet. Slain by a spiny frog (1 damage) ... in the Dungeon (Sprint IX: "|||||||||||||||||||||||||||||"). The game lasted 00:02:33 (432 turns).

esc the Spry (Fairy Earth Elementalist)              Turns: 432, Time: 00:02:33

Health: 0/6        AC:  0    Str:  2    XL:     9 ^: 317
Magic:  5/5        EV: 47    Int: 22    God:    Vehumet [5* [135]]
Gold:   0          SH:  0    Dex: 17    Spells: 31/36 levels left

rFire    . . .     Vision   .   m - ring of evasion
rCold    . . .     Gourm    .
rNeg     . . .     Faith    .
rPois    .         Spirit   .
rElec    .         Reflect  .
rCorr    .         Harm     .
MR       +....     NoTele   +
Stlth    +.........
HPRegen  0.12/turn
MPRegen  0.15/turn

@: glowing, slow
A: tiny, no armour or weapons, only one jewelry slot, no melee attacks, fairy
magic, fairy shield, fairy light, decreased potion and divine healing, slowness
1, able to fly, insubstantial
a: Fly, Renounce Religion


You were in the Dungeon.
You worshipped Vehumet.
Vehumet was extremely pleased with you.
You were not hungry.

You visited 1 branch

Inventory:

Jewellery
 m - a ring of evasion (around core)
 n - an uncursed ring of protection
Wands
 k - a wand of iceblast (10)
Scrolls
 h - 2 scrolls of blinking
 i - 4 scrolls of bless item
 j - 3 scrolls of amnesia
 s - 4 scrolls of enchantment
 t - a scroll of fog
Potions
 c - 5 potions of curing
 d - 7 potions of heal wounds
 e - a potion of haste
 f - 4 potions of magic
 g - a potion of berserk rage
 o - a potion of agility
 p - a potion of might
 q - a potion of resistance
 r - a potion of brilliance
Miscellaneous
 l - a crystal ball of energy
Comestibles
 a - 26 chunks of flesh
 b - a ration


   Skills:
 + Level 16.4 Dodging
 - Level 1.4 Stealth
 + Level 14.2 Spellcasting
 - Level 1.0 Transmutations
 + Level 13.3 Earth Magic


You had 31 spell levels left.
You knew the following spells:

 Your Spells              Type           Power        Failure   Level  Hunger
a - Sandblast             Erth           50 (50)      0%          1    None
b - Petrify               Tmut/Erth      47 (100)     1%          4    None

Your spell library contained the following spells:

 Spells                   Type           Power        Failure   Level  Hunger
 Freeze                   Ice            15 (25)      1%          1    None
 Shock                    Air            15 (25)      1%          1    None
 Passwall                 Tmut/Erth      47 (120)     1%          2    None
 Stone Arrow              Erth           50 (50)      1%          3    None
 Bolt of Magma            Fire/Erth      45 (200)     1%          5    ###....
 Lee's Rapid Deconstruct  Erth           65 (200)     1%          5    ###....
 Methodical Deconstructi  Erth           65 (200)     1%          5    ###....
 Ignite Poison            Fire/Tmut      17 (100)     2%          3    None
 Airstrike                Air            15 (200)     11%         4    None
 Muse Oam's Air Blast     Tloc/Air       15 (100)     11%         4    None
 Dispersal                Tloc           15 (200)     99%         6    #####..
 Controlled Blink         Tloc           15 (100)     100%        7    ######.
 Disjunction              Tloc           15 (200)     100%        8    #######
 Portal Projectile        Chrm/Tloc      Unusable     N/A         3    N/A

Dungeon Overview and Level Annotations

Branches:
Dungeon (1/1)

Altars:
Cheibriados
Dithmenos
Elyvilon
Fedhas Madash
Gozag Ym Sagoz
Hepliaklqana
Kikubaaqudgha
Makhleb
Nemelex Xobeh
Okawaru
Qazlal
Ru
Sif Muna
Trog
Uskayaw
Vehumet
Wu Jian
Xom
Yredelemnul
Zin
The Shining One
Beogh
Jiyva
Lugonu


Innate Abilities, Weirdness & Mutations

You are too small to use any gear.
You can wear a single ring or amulet completely around your body.
You are incapable of melee of any kind.
Your magic reserves are extremely low but spells that normally cost one mana are free and all other spells cost one mana.
You are extremely frail but all attacks that strike you do exactly one damage.
You exude a bright light in a small radius around yourself.
The effect of potions and godly healing effects is reduced to match your tiny health and magic reserves.
You cover ground slowly.
You can fly continuously.
Your insubstantial form boosts your evasion and grants immunity to sticky flames, nets and constriction.


Message History

The blast of sand hits the seven-headed hydra (21)!!
The seven-headed hydra is almost dead. (4/72) HP A boulder beetle comes into view.
The seven-headed hydra misses you (0). The seven-headed hydra bites you (12)!
The seven-headed hydra bites you (11)!
The seven-headed hydra completely misses you (0). x2
The seven-headed hydra closely misses you (0).
The seven-headed hydra bites you (16)!
* * * LOW HITPOINT WARNING * * *
Casting: Sandblast (safe; 0% risk of failure)
Confirm with . or Enter, or press ? or * to list all spells.
Aiming: Sandblast (safe; 0% risk of failure)
Press: ? - help, Shift-Dir - straight line, f/p - spiny frog
Aim: a spiny frog (moderately wounded (28/41), haloed)
The blast of sand hits the seven-headed hydra (20)!!
You kill the seven-headed hydra!
Vehumet accepts your kill.
Your Spellcasting skill increases to level 14!
The spiny frog hits you (16)!
You die...

▓▓▓▓▓▓▓▓▓▓▓▓▓▓▓▓▓▓▓▓▓▓▓▓
......÷÷..†.....@FtFY.FB
▓▓▓▓▓▓▓▓▓▓▓▓▓▓▓▓▓▓▓▓▓▓▓▓▓▓▓▓▓▓▓▓▓
.................................
▓▓▓▓▓▓▓▓▓▓▓▓▓▓▓▓▓▓▓▓▓▓▓▓▓▓▓▓▓▓▓▓▓
..'________________________'...)[
▓▓▓▓▓▓▓▓▓▓▓▓▓▓▓▓▓▓▓▓▓▓▓▓▓▓▓▓▓▓▓▓▓


You could see a boulder beetle, a catoblepas, 2 spiny frogs, a crocodile and a
bullfrog.

Vanquished Creatures
  A hydra (D)
  An oklob plant (D)
  A black mamba (D)
  An ugly thing (D)
  2 trolls (D)
  An elephant (D)
  A komodo dragon (D)
  A blink frog (D)
  A basilisk (D)
  2 porcupines (D)
  2 ice beasts (D)
  An eye of draining (D)
  2 crocodiles (D)
  A bullfrog (D)
  A wight (D)
  A hound (D)
  An orc wizard (D)
  An iguana (D)
  A worm (D)
  A cinder newt (D)
  An orc (D)
  An adder skeleton (D)
  An adder zombie (D)
  2 goblins (D)
  A jackal (D)
  A bat skeleton (D)
  A kobold (D)
  A rat (D)
33 creatures vanquished.

Notes
Turn   | Place    | Note
-------+----------+-------------------------------------------
     0 | D        | esc the Fairy Earth Elementalist began the quest for the
                  | Orb.
     0 | D        | Reached XP level 1. HP: 3/3 MP: 3/3
     5 | D        | Reached skill level 3 in Dodging
     7 | D        | Reached skill level 4 in Dodging
     7 | D        | Reached XP level 2. HP: 3/3 MP: 3/3
    28 | D        | Reached skill level 5 in Dodging
    28 | D        | Reached XP level 3. HP: 4/4 MP: 3/3
    31 | D        | Reached skill level 5 in Spellcasting
    31 | D        | Reached skill level 5 in Earth Magic
    35 | D        | Reached skill level 6 in Dodging
    48 | D        | Found a roughly hewn altar of Beogh.
    48 | D        | Found a snail-covered altar of Cheibriados.
    48 | D        | Found a shadowy altar of Dithmenos.
    48 | D        | Found a white marble altar of Elyvilon.
    48 | D        | Found a blossoming altar of Fedhas.
    48 | D        | Found an opulent altar of Gozag.
    49 | D        | Found a hazy altar of Hepliaklqana.
    50 | D        | Found a viscous altar of Jiyva.
    51 | D        | Found an ancient bone altar of Kikubaaqudgha.
    52 | D        | Found a corrupted altar of Lugonu.
    53 | D        | Found a burning altar of Makhleb.
    54 | D        | Found a sparkling altar of Nemelex Xobeh.
    55 | D        | Found an iron altar of Okawaru.
    56 | D        | Found a stormy altar of Qazlal.
    57 | D        | Found a sacrificial altar of Ru.
    58 | D        | Found a shimmering blue altar of Sif Muna.
    59 | D        | Found a bloodstained altar of Trog.
    60 | D        | Found a hide-covered altar of Uskayaw.
    61 | D        | Found a radiant altar of Vehumet.
    62 | D        | Found an ornate altar of the Wu Jian Council.
    63 | D        | Found a shimmering altar of Xom.
    64 | D        | Found a basalt altar of Yredelemnul.
    65 | D        | Found a glowing silver altar of Zin.
    66 | D        | Found a glowing golden altar of the Shining One.
    69 | D        | Became a worshipper of Vehumet
    95 | D        | Noticed an ice beast
    95 | D        | Noticed a bullfrog
    95 | D        | Noticed an eye of draining
   107 | D        | Reached skill level 7 in Dodging
   107 | D        | Reached XP level 4. HP: 4/4 MP: 3/3
   112 | D        | Killed an ice beast
   112 | D        | Reached * piety under Vehumet
   112 | D        | Offered knowledge of Shock by Vehumet.
   112 | D        | Reached skill level 8 in Dodging
   112 | D        | Reached XP level 5. HP: 4/4 MP: 2/3
   114 | D        | Reached skill level 9 in Dodging
   116 | D        | Reached XP level 6. HP: 5/5 MP: 1/3
   119 | D        | Reached ** piety under Vehumet
   119 | D        | Offered knowledge of Freeze by Vehumet.
   119 | D        | Reached skill level 10 in Dodging
   130 | D        | Noticed a troll
   130 | D        | Noticed a red ugly thing
   130 | D        | Noticed a troll
   140 | D        | Killed a troll
   140 | D        | Reached skill level 12 in Dodging
   140 | D        | Reached skill level 10 in Spellcasting
   140 | D        | Reached XP level 7. HP: 5/5 MP: 4/4
   146 | D        | Killed a red ugly thing
   146 | D        | Offered knowledge of Ignite Poison by Vehumet.
   146 | D        | Reached skill level 10 in Earth Magic
   192 | D        | Killed a troll
   192 | D        | Reached *** piety under Vehumet
   192 | D        | Reached skill level 13 in Dodging
   192 | D        | Reached XP level 8. HP: 4/5 MP: 4/4
   194 | D        | Offered knowledge of Muse Oam's Air Blast by Vehumet.
   363 | D        | Learned a level 4 spell: Petrify
   363 | D        | Noticed a black mamba
   363 | D        | Noticed a blink frog
   365 | D        | Noticed an elephant
   367 | D        | Reached **** piety under Vehumet
   367 | D        | Offered knowledge of Bolt of Magma by Vehumet.
   367 | D        | Reached skill level 14 in Dodging
   369 | D        | Noticed a komodo dragon
   373 | D        | Killed a black mamba
   385 | D        | Killed an elephant
   385 | D        | Reached skill level 15 in Dodging
   385 | D        | Reached XP level 9. HP: 4/6 MP: 4/5
   395 | D        | Reached ***** piety under Vehumet
   395 | D        | Offered knowledge of Airstrike by Vehumet.
   406 | D        | Noticed an oklob plant
   418 | D        | Killed an oklob plant
   423 | D        | Noticed a spiny frog
   423 | D        | Noticed a spiny frog
   423 | D        | Noticed a seven-headed hydra
   423 | D        | Noticed a catoblepas
   426 | D        | Reached skill level 16 in Dodging
   431 | D        | Noticed a boulder beetle
   432 | D        | Killed a seven-headed hydra
   432 | D        | Slain by a spiny frog

Levels and vault maps discovered:
D:        linesprint [early_d, line_temple, items_1, d_10, items_2, lair_1,
          lair_end, items_3, orc_1, orc_end, items_4, d_15, swamp_1, shoals_1,
          snake_1, spider_1, d_20, vaults_1, items_5, swamp_end, shoals_end,
          snake_end, spider_end, vaults_end, d_27, items_6, zot_1, zot_end,
          crypt_end, forest_end, elf_end, slime_end, tomb_end, abyss_end,
          pan_hell_end]

Skill      XL: |  1  2  3  4  5  6  7  8  9 |
---------------+----------------------------+-----
Dodging        | 4 5 7 8 9 12 13 15 16 | 16.4
Spellcasting   | 3 4 6 7 8 10 11 13 14 | 14.2
Earth Magic    | 4 5 7 9 10 12 13 | 13.3
Stealth        | |  1.4
Transmutations | |  1.0

Action                   |  1- 3 |  4- 6 |  7- 9 || total
-------------------------+-------+-------+-------++-------
 Cast: Sandblast         |    29 |    22 |    65 ||   116
  Use: Scroll            |       |       |     1 ||     1
Dodge: Dodged            |    18 |    28 |    65 ||   111
